cohdb
Replays
Latest Replays
All Replays
Popular Replays
Top Player Replays
Match Explorer
How It Works
Community
CoH3 Stats
Reddit
Sign in to upload your games and track your stats! →
Sign in with Steam
Match 43957211
Unlisted
Match 43957211
Overview
Messages
Build Orders
End
Royal Engineer Section
Construct Section Command Post
Construct Section Command Post
Dingo Light Scout Car
Infantry Section
ML 3-inch Mortar Team
Selects Canadian Shock Battlegroup
Selects Attacking Spirit
Selects Canadian Shock Section
Construct Platoon Command Post
Humber Armored Car
Selects Incendiary Munitions
Construct Field Infirmary
Humber Armored Car
Canadian Shock Section
Vickers Machine Gun Team
Construct Company Command Post
Canadian Shock Section
Matilda II Heavy Tank
DrewP
Dillbro
MrSatan
Gladiak
0
0
Comments
sign in to comment!
No comments posted yet!